 Dungeon Crawl Stone Soup version 0.32-a0-468-g38b2580584 (webtiles) character file.

Game seed: 8916608940154517354

261 abessonov the Trooper (level 6, -3/48 HPs)
             Began as a Coglin Chaos Knight on Feb 24, 2024.
             Was a Plaything of Xom.
             Slain by Natasha the fire crab (7 damage)
             ... on level 3 of the Dungeon on Feb 25, 2024.
             The game lasted 00:15:39 (2597 turns).

abessonov the Trooper (Coglin Chaos Knight)         Turns: 2597, Time: 00:15:39

Health: -3/48      AC:  8    Str: 11    XL:     6   Next: 18%
Magic:  6/6        EV: 12    Int: 11    God:    Xom [.*....]
Gold:   185        SH:  0    Dex: 14    Spells: 5/5 levels left

rFire   + . .        u - +3 dagger (vamp) {Olga}
rCold   + . .        a - +0 hand axe (chaos) {Yuxuan}
rNeg    + . .        b - +2 leather armour
rPois   .            v - +2 helmet "Tiptaf" {+Blink rN+ Str-3}
rElec   .            r - scarf {rC+ rF+}
rCorr   .            (no gloves)
SInv    .            (no boots)
Will    .....        x - amulet of regeneration
Stlth   +            (ring unavailable)
HPRegen 1.08/turn    (ring unavailable)
MPRegen 0.10/turn

%: no passive effects
@: slowed, revved, very slow
A: off-hand wielding, slow wielding, warmup strikes, no rings
a: Renounce Religion, Evoke Blink


You were on level 3 of the Dungeon.
You worshipped Xom.
You were a plaything of Xom.
You visited 1 branch of the dungeon, and saw 3 of its levels.
You also visited: Sewer.

You collected 185 gold pieces.

Inventory:

Hand Weapons
 a - a +0 hand axe of chaos (offhand) {Yuxuan}
 j - a +0 short sword {Ashmeen}
 m - a +0 hand axe {Thatsani}
 u - a +3 vampiric dagger (weapon) {Olga}
Missiles
 o - 4 poisoned darts (quivered)
Armour
 b - a +2 leather armour (worn)
 r - a scarf of resistance (worn)
 t - a +0 scale mail
 v - the +2 helmet "Tiptaf" (worn) {+Blink rN+ Str-3}
   (You took it off Robin on level 3 of the Dungeon)

   Str-3:     It affects your strength (-3).
   rN+:       It protects you from negative energy.
   +Blink:    It lets you blink.
Jewellery
 h - an amulet of faith
 x - an amulet of regeneration (around neck)
Talismans
 f - a talisman of death
Scrolls
 c - 3 scrolls of butterflies
 d - a scroll of amnesia {unknown}
 i - 4 scrolls of teleportation {unknown}
 k - 2 scrolls of revelation {unknown}
 l - 2 scrolls of enchant weapon {unknown}
 n - a scroll of identify {unknown}
 s - a scroll of enchant armour {unknown}
 w - a scroll of immolation {unknown}
Potions
 e - 2 potions of haste {unknown}
 g - 3 potions of lignification {unknown}
 p - 2 potions of curing {unknown}
 q - a potion of might {unknown}


   Skills:
 + Level 4.2 Fighting
 + Level 4.2 Axes
 + Level 3.1 Armour
 + Level 2.6 Dodging
 + Level 0.0 Evocations


You had 5 spell levels left.
You didn't know any spells.
Your spell library contained the following spells:

 Spells                   Type           Power      Damage    Failure   Level
 Sting                    Conj/Alch      0%         1d3       41%         1
 Mercury Vapours          Alch/Air       0%         N/A       56%         2
 Hailstorm                Conj/Ice       0%         3d5       80%         3
 Summon Ice Beast         Ice/Summ       0%         N/A       80%         3
 Olgreb's Toxic Radiance  Alch           0%         N/A       99%         4
 Sculpt Simulacrum        Ice/Alch       0%         N/A       100%        6


Dungeon Overview and Level Annotations

Branches:
Dungeon (3/15)              Sewer (visited)

Altars:
Gozag
Xom

Shops:
D:1 *

Annotations:
D:2 1 exclusion, Sigmund
D:3 Natasha


Innate Abilities, Weirdness & Mutations

You can wield a second weapon in your off-hand.
It takes a long time for you to wield or remove held weapons.
Your first few attacks do less damage.
Your grasper-arms cannot wear rings.


Message History

The ribbon worm is poisoned.
The ribbon worm misses you.
You hit the ribbon worm but do no damage.
The ribbon worm is heavily wounded.
You hit the ribbon worm with your +0 hand axe of chaos.
The ribbon worm seems to speed up. "Hum-dee-hum-dee-hum..."
Natasha evaporates and reforms as a fire crab!
The ribbon worm closely misses Natasha.
You hit the ribbon worm with your +3 vampiric dagger.
The ribbon worm is severely wounded.
You hit the ribbon worm but do no damage.
The ribbon worm bites Natasha but does no damage.
You hit the ribbon worm with your +0 hand axe of chaos.
The ribbon worm is almost dead.
You hit the ribbon worm with your +3 vampiric dagger.
You kill the ribbon worm!
You barely miss Natasha with your +3 vampiric dagger.
You hit Natasha but do no damage.
Natasha is poisoned.
Natasha breathes flames at you. The blast of flame engulfs you. You resist.
Natasha breathes flames at you. The blast of flame engulfs you. You resist.
You hit Natasha but do no damage.
Natasha looks as sick as possible!
Natasha is lightly wounded.
You hit Natasha with your +3 vampiric dagger.
You feel better.
You are engulfed in blazing flames.
You resist. Natasha breathes flames at you. The blast of flame misses you.
Natasha breathes flames at you.
The blast of flame engulfs you but does no damage.
You barely miss Natasha with your +3 vampiric dagger.
Natasha is moderately wounded.
You barely miss Natasha with your +0 hand axe of chaos.
Natasha bites you!
You are engulfed in flames!
You resist.
* * * LOW HITPOINT WARNING * * *
Natasha claws you!
* * * LOW HITPOINT WARNING * * *
You are engulfed in flames!
You resist.
You die...
Xom cackles wildly!

#### #.#~~~
#..### #.#~~~
♣#....##
#.#~~~
♣♣.##.#..#
#.#... #..
#.##.## #.....
.?#
#.....########
#.#
#####..[.##
#.# ###...###
#@# #.....##
#t# ##.##...
#.# #.####.
#.# #..# #.
#.# ##.###.
#.# #..##.
##.# ##.###
#).# #.# #.##
#.###


You could see Natasha the fire crab (extremely poisoned).

Vanquished Creatures
  A crocodile (Sewer)
  A howler monkey (D:1)
  Natasha (D:3)
  Robin (D:3)
  An adder (D:2)
  3 ribbon worms
  A dart slug (D:1)
  3 orcs (D:3)
  6 endoplasms
  5 giant cockroaches
  13 goblins
  5 hobgoblins
  8 jackals
  5 kobolds
  4 ball pythons
  6 bats
  7 frilled lizards
  6 rats
77 creatures vanquished.

Notes
Turn   | Place    | Note
-------+----------+-------------------------------------------
     0 | D:1      | abessonov the Coglin Chaos Knight began the quest for the
                  | Orb.
     0 | D:1      | Reached XP level 1. HP: 18/18 MP: 1/1
    51 | D:1      | Reached skill level 1 in Dodging
    66 | D:1      | Reached XP level 2. HP: 19/24 MP: 2/2
    82 | D:1      | a quokka changed into a howler monkey
    82 | D:1      | Noticed a howler monkey
    92 | D:1      | XOM: potion effect (invisibility)
    94 | D:1      | Killed a howler monkey
    95 | D:1      | Reached XP level 3. HP: 19/29 MP: 3/3
   264 | D:1      | Reached XP level 4. HP: 35/35 MP: 4/4
   271 | D:1      | Found a faded altar of an unknown god.
   343 | D:1      | XOM: cloud trail
   514 | D:1      | Found Xoumoih's Assorted Antiques.
   550 | D:1      | XOM: scenery: create altars
  1108 | D:2      | Noticed Sigmund
  2022 | D:3      | Found a glowing drain.
  2034 | Sewer    | Entered a sewer
  2098 | Sewer    | Noticed a crocodile
  2105 | Sewer    | Killed a crocodile
  2106 | Sewer    | Reached XP level 5. HP: 29/42 MP: 5/5
  2255 | D:3      | XOM: smoke on damage
  2279 | D:3      | Found Gozag's Platinum Reserve.
  2283 | D:3      | Found an opulent altar of Gozag.
  2346 | D:3      | XOM: noise
  2362 | D:3      | Noticed Natasha
  2371 | D:3      | Killed Natasha
  2372 | D:3      | Reached XP level 6. HP: 45/48 MP: 6/6
  2393 | D:3      | Identified the +2 helmet "Tiptaf" {+Blink rN+ Str-3}
  2393 | D:3      | Noticed Robin
  2406 | D:3      | Killed Robin
  2498 | D:3      | XOM: 3-stop teleportation journey
  2585 | D:3      | Noticed Natasha
  2588 | D:3      | XOM: swap monsters
  2592 | D:3      | Natasha changed into Natasha the fire crab
  2592 | D:3      | Noticed Natasha
  2592 | D:3      | XOM: polymorph Natasha -> Natasha the fire crab
  2597 | D:3      | Slain by Natasha the fire crab

Illustrated notes

Levels and vault maps discovered:
D:1:      spicycebolla_arrival_xxxplode, layout_basic,
          shapermc_ecumenical_altar_totnotflames, serial_shops, shop
D:2:      layout_loops_corners, minmay_distorted, uniq_sigmund
D:3:      layout_rooms, mainiacjoe_overflow_paths,
          nicolae_gozag_zags_fifth_avenue, portal_sewer_entry_b, uniq_robin,
          uniq_natasha

Skill      XL: |  1  2  3  4  5 |
---------------+----------------+-----
Dodging        | 1 2 |  2.6
Armour         | 2 3 |  3.1
Fighting       | 4 |  4.2
Axes           | 4 |  4.2

Action                     |  1- 3 |  4- 6 || total
---------------------------+-------+-------++-------
  Melee: Hand axe          |    62 |   193 ||   255
         Short sword       |       |    12 ||    12
         Dagger            |       |     9 ||     9
  Throw: Dart              |       |     3 ||     3
Ability: Evoke Blink       |       |     1 ||     1
   Stab: Invisible         |     1 |       ||     1
         Confused          |       |     1 ||     1
         Sleeping          |       |     1 ||     1
         Petrifying        |       |     1 ||     1
         Petrified         |       |     1 ||     1
 Armour: Leather armour    |    45 |    65 ||   110
  Dodge: Dodged            |    45 |    59 ||   104

Table legend: (Time is in decaauts)
 A = Elapsed time spent in this place.
 B = Non-inter-level travel time spent in this place.
 C = Inter-level travel time spent in this place.
 D = Time resting spent in this place.
 E = Time spent auto-exploring this place.
 F = Levels seen in this place.
 G = Mean time per level.
                   A        B        C        D        E       F      G
               +--------+--------+--------+--------+--------+-----+--------+
         Total |   2645 |   2529 |    116 |      0 |   1856 |   4 |  661.2 |
       Dungeon |   2422 |   2306 |    116 |      0 |   1734 |   3 |  807.3 |
         Sewer |    223 |    223 |      0 |      0 |    122 |   1 |  223.0 |
               +--------+--------+--------+--------+--------+-----+--------+

Top non-repeatable levels by time:
     D:2: 1099 daAuts
     D:1: 890 daAuts
     D:3: 431 daAuts
   Sewer: 223 daAuts
